 Dungeon Crawl Stone Soup version 0.30-a0-862-g1aabd4f9c5 (webtiles) character file.

Game seed: 6166723122682600453

63 Mickster the Ducker (level 4, 0/35 HPs)
             Began as a Djinni Monk on Mar 9, 2023.
             Slain by a quokka (2 damage)
             ... on level 3 of the Dungeon.
             The game lasted 00:19:21 (2139 turns).

Mickster the Ducker (Djinni Monk)                   Turns: 2139, Time: 00:19:22

Health: 0/35       AC:  4    Str: 12    XL:     4   Next: 30%
Gold:   126        EV: 13    Int: 12    God:
                   SH:  0    Dex: 15

rFire   + + .      SeeInvis .    a - +0 falchion
rCold   x . .      Faith    .    (no shield)
rNeg    . . .      Spirit   .    e - +0 leather armour
rPois   ∞          Reflect  .    (no helmet)
rElec   .          Rampage  .    (no cloak)
rCorr   .                        f - +0 pair of gloves
Will    .....                    (boots unavailable)
Stlth   ++                       (no amulet)
HPRegen 0.25/turn                (no ring)
MPRegen 0.00/turn                (no ring)

@: flying
A: sickness immunity, fire resistance 2, cold vulnerability 1, float, innate
caster, HP casting, extra vitality 1
a: no special abilities


You were on level 3 of the Dungeon.
You visited 1 branch of the dungeon, and saw 3 of its levels.

You collected 126 gold pieces.

Inventory:

Hand Weapons
 a - a +0 falchion (weapon)
 l - a +0 spear
 m - a +0 mace
 o - a +0 falchion
Missiles
 d - a throwing net (quivered)
 j - 16 stones
Armour
 b - a +0 robe
 e - a +0 leather armour (worn)
 f - a +0 pair of gloves (worn)
Scrolls
 h - 2 scrolls of identify
 n - a scroll of teleportation
Potions
 c - a potion of ambrosia
 g - 3 potions of curing
 i - a potion of heal wounds
 k - a potion of might


   Skills:
 + Level 3.3 Fighting
 + Level 3.4 Long Blades
 + Level 1.3 Armour
 + Level 3.8 Dodging
 + Level 1.8 Stealth


You knew the following spells:

 Your Spells              Type           Power      Damage    Failure   Level
a - Shock                 Conj/Air       0%         1d3       38%         1
Your spell library was empty.

Dungeon Overview and Level Annotations

Branches:
Dungeon (3/15)

Altars:


Innate Abilities, Weirdness & Mutations

You are immune to sickness and miasma.
You are immune to poison.
Your flesh is very heat resistant. (rF++)
You are vulnerable to cold. (rC-)
You float through the air rather than walking.
You learn spells naturally, not from books.
Your magical power is your life essence.
You have superior vitality. (+4 MHP)


Message History

The adder closely misses you. The quokka barely misses you.
You barely miss the adder.
The adder is moderately wounded.
The adder bites you.
* * * LOW HITPOINT WARNING * * *
The adder bites you.
* * * LOW HITPOINT WARNING * * *
The quokka barely misses you. The kobold misses you.
The kobold hits you with a +0 club.
* * * LOW HITPOINT WARNING * * *
Unknown command.
You feel better. The adder bites you. The adder bites you but does no damage.
The quokka barely misses you.
The kobold hits you with a +0 short sword.
* * * LOW HITPOINT WARNING * * *
The kobold completely misses you. The adder closely misses you.
The adder misses you.
You barely miss the adder.
The adder is moderately wounded.
The quokka closely misses you. The adder closely misses you.
The adder barely misses you.
The kobold hits you with a +0 short sword.
* * * LOW HITPOINT WARNING * * *
The kobold hits you with a +0 club.
* * * LOW HITPOINT WARNING * * *
The quokka bites you but does no damage.
You completely miss the adder.
The adder is moderately wounded.
The adder barely misses you. The adder bites you.
* * * LOW HITPOINT WARNING * * *
The kobold barely misses you. The kobold completely misses you.
The quokka bites you but does no damage.
The adder bites you.
* * * LOW HITPOINT WARNING * * *
You miss the adder.
The adder is moderately wounded.
The adder closely misses you. The kobold hits you with a +0 club.
* * * LOW HITPOINT WARNING * * *
The kobold misses you. The quokka bites you.
You die...

########
#......#
#......+
#......###
#.####.<.......
#.....S.....##.
##...K@)....#
#...SKr...!#
................
########.######.
#.# #.# #.# ..


You could see 2 adders, a quokka and 2 kobolds.

Vanquished Creatures
  An adder (D:2)
  2 dart slugs (D:2)
  An orc (D:3)
  5 endoplasms
  A giant cockroach (D:1)
  4 goblins (D:1)
  3 hobgoblins
  5 jackals
  A quokka (D:2)
  3 ball pythons
  8 bats
  5 kobolds
  6 rats
45 creatures vanquished.

Notes
Turn   | Place    | Note
-------+----------+-------------------------------------------
     0 | D:1      | Mickster the Djinni Monk began the quest for the Orb.
     0 | D:1      | Reached XP level 1. HP: 20/20 MP: 0/0
    87 | D:1      | HP: 1/20 [frozen (6)]
    95 | D:1      | Reached XP level 2. HP: 2/25 MP: 0/0
   898 | D:1      | Reached XP level 3. HP: 30/30 MP: 0/0
   898 | D:1      | Learned a level 1 spell: Shock
  1993 | D:2      | Reached skill level 1 in Armour
  1993 | D:2      | Reached XP level 4. HP: 26/35 MP: 0/0
  2139 | D:3      | Slain by a quokka

Illustrated notes

Levels and vault maps discovered:
D:1:      dpeg_arrival_concentric_ovals, layout_basic, minmay_misc_feat_ornament
D:2:      layout_rooms
D:3:      layout_basic, nicolae_uskayaw_dance_hall,
          mainiacjoe_overflow_alcove_1, uniq_terence

Skill      XL: |  1  2  3 |
---------------+----------+-----
Long Blades    | 3 |  3.4
Armour         | 1 |  1.3
Fighting       | |  3.3
Dodging        | |  3.8
Stealth        | |  1.8

Action                     |  1- 3 |  4- 6 || total
---------------------------+-------+-------++-------
  Melee: Falchion          |   117 |    20 ||   137
         Punch             |     3 |       ||     3
  Throw: Throwing net      |     1 |       ||     1
    Use: Scroll            |     3 |       ||     3
         Potion            |     4 |     1 ||     5
   Stab: Sleeping          |     4 |       ||     4
 Armour: Robe              |     5 |       ||     5
         Leather armour    |    42 |    19 ||    61
  Dodge: Dodged            |   114 |    31 ||   145

Table legend: (Time is in decaauts)
 A = Elapsed time spent in this place.
 B = Non-inter-level travel time spent in this place.
 C = Inter-level travel time spent in this place.
 D = Time resting spent in this place.
 E = Time spent auto-exploring this place.
 F = Levels seen in this place.
 G = Mean time per level.
                   A        B        C        D        E       F      G
               +--------+--------+--------+--------+--------+-----+--------+
         Total |   2158 |   2043 |    115 |    463 |      0 |   3 |  719.3 |
       Dungeon |   2158 |   2043 |    115 |    463 |      0 |   3 |  719.3 |
               +--------+--------+--------+--------+--------+-----+--------+

Top non-repeatable levels by time:
     D:1: 1521 daAuts
     D:2: 618 daAuts
     D:3: 18 daAuts
